AoeStats
← cisi1982

Arabia

509833305Analyzed
1v1 RM · 5d ago on Sep 28, 2026· 20m 4s· 2 players
Game mode
Random Map
Map size
Tiny (2 player)
Population
200
Speed
Normal
Resources
Standard
Victory
Conquest
Starting age
Dark Age
Ending age
Imperial Age
RankedLock teamsTeams togetherTeam positionsShared explorationLock speedFull tech treeHidden civsTurbo modeCheats
Victory
Defeat
🇰🇿 Cumans · Kazakhstan
902
+15
🇨🇿 Celts · Czechia
888
-15
cisi1982
7:43 Loom
10:28 Feudal Age
11:31 Double-Bit Axe
Mayki
0:34 Loom
12:10 Feudal Age
13:10 Double-Bit Axe
12:54 Man-at-Arms
14:27 Scale Mail Armor
17:07 Gold Mining
18:17 Forging
Connection lost

Rejoining the realm…

Still unreachable

The connection could not be restored.

Session expired

The server has moved on; the page needs a fresh start.